 Dungeon Crawl Stone Soup version 0.23.2-1-ga50397a6bc (webtiles) character file.

Game seed: 14126563014373192659

478 Corto the Digger (level 7, -2/36 HPs)
             Began as a Gargoyle Earth Elementalist on May 19, 2019.
             Slain by a shadow imp (3 damage)
             ... on level 5 of the Dungeon.
             The game lasted 00:17:19 (5837 turns).

Corto the Digger (Gargoyle Earth Elementalist)      Turns: 5837, Time: 00:17:19

Health: -2/36      AC:  7    Str: 11    XL:     7   Next: 11%
Magic:  15/23      EV: 12    Int: 18    God:
Gold:   243        SH:  0    Dex: 10    Spells: 7/16 levels left

rFire    . . .     SeeInvis .   p - +3 dagger (venom)
rCold    . . .     Gourm    +   (no shield)
rNeg     + . .     Faith    .   c - +0 robe
rPois    ∞         Spirit   .   (no helmet)
rElec    +         Reflect  .   l - +0 cloak
rCorr    .         Harm     .   (no gloves)
MR       .....                  (no boots)
Stlth    ++........             r - amulet of the gourmand
HPRegen  0.12/turn              m - ring of magical power
MPRegen  0.18/turn              (no ring)

@: no status effects
A: negative energy resistance 1, electricity resistance, unbreathing,
petrification resistance, rot immunity, AC +4
a: no special abilities


You were on level 5 of the Dungeon.
You were completely stuffed.

You visited 1 branch of the dungeon, and saw 6 of its levels.

You collected 243 gold pieces.

Inventory:

Hand Weapons
 e - a +0 whip
 p - a +3 dagger of venom (weapon)
 A - a +2 vampiric whip {!w}
Missiles
 b - 187 stones (quivered)
Armour
 c - a +0 robe (worn)
 l - a +0 cloak (worn)
Jewellery
 m - a ring of magical power (left hand)
 r - an amulet of the gourmand (around neck)
Wands
 i - a wand of acid (6)
Scrolls
 f - 6 scrolls of teleportation {unknown}
 g - 4 scrolls of identify {unknown}
 h - a scroll of enchant armour {unknown}
 j - 3 scrolls of remove curse {unknown}
 k - 2 scrolls of enchant weapon {unknown}
 q - 3 scrolls of fear {unknown}
 s - a scroll of random uselessness {unknown}
 u - 2 scrolls of amnesia {unknown}
 v - a scroll of blinking {unknown}
 y - a scroll of magic mapping {unknown}
 z - a scroll of fog {unknown}
Potions
 a - a potion of resistance {unknown}
 n - a potion of berserk rage {unknown}
 o - 2 potions of agility {unknown}
 t - a potion of degeneration {unknown}
 w - 4 potions of invisibility {unknown}
 B - a potion of flight {unknown}
Comestibles
 d - 8 rations
 x - 3 chunks of flesh


   Skills:
 - Level 1.5 Dodging
 - Level 2.1 Stealth
 + Level 5.0 Spellcasting
   Level 0.7 Transmutations
 + Level 7.1 Earth Magic


You had 7 spell levels left.
You knew the following spells:

 Your Spells              Type           Power        Failure   Level  Hunger
a - Sandblast             Erth           ####..       1%          1    None
b - Stone Arrow           Conj/Erth      ###...       10%         3    ##.....
c - Lee's Rapid Deconstr  Erth           ####......   21%         5    ######.

Your spell library contained the following spells:

 Spells                   Type           Power        Failure   Level  Hunger
 Passwall                 Tmut/Erth      ###.....     4%          2    #......
 Petrify                  Tmut/Erth      ###.....     26%         4    ####...


Dungeon Overview and Level Annotations

Branches:
Dungeon (6/15)
 Temple: D:4-7

Altars:
Dithmenos
Elyvilon
Fedhas
Kikubaaqudgha
Makhleb
Nemelex Xobeh
Qazlal
Wu Jian


Innate Abilities, Weirdness & Mutations

You are resistant to torment.
Your stone body is resilient. (AC +4)
You are immune to poison.
You resist negative energy. (rN+)
You are resistant to electric shocks. (rElec)
You can survive without breathing.
You are immune to petrification.
You are immune to rotting.


Message History

* * * LOW HITPOINT WARNING * * *
Casting: Sandblast (safe; 1% risk of failure)
Confirm with . or Enter, or press ? or * to list all spells.
Aiming: Sandblast (safe; 1% risk of failure)
Press: ? - help, Shift-Dir - straight line, f - shadow imp
Aim: a shadow imp The blast of sand hits the shadow imp!
The shadow imp is severely wounded.
b - 188 stones The shadow imp hits you.
* * * LOW HITPOINT WARNING * * *
Casting: Sandblast (safe; 1% risk of failure)
Confirm with . or Enter, or press ? or * to list all spells.
Aiming: Sandblast (safe; 1% risk of failure)
Press: ? - help, Shift-Dir - straight line, f/p - shadow imp
Aim: a shadow imp (severely wounded)
The blast of sand misses the shadow imp.
b - 187 stones The shadow imp hits you.
You die... █•█•••• ••• █?██••• ••█ █•██•Y• █•• ••• █ █•••••• ••• •• █•██••••█ █• ••█ •█ •██••••l███ ••• ••██•█ ••••••█Z███ █••██•█•5█ ███••••<••• ••••••█@█ █•█•█•██• █••••█ █•••█•█ ██•••██ █•█ █•█ ███••[█ •••• █•█ █•••••█ ██•██ █•█ █•••███•████••█ █•█ █•██ █••••••█ •█ █•█ █• ████••███•███•█ •█ █ █••••••••••██•███•███

You could see a shadow imp.

Vanquished Creatures
  An ice beast (D:5)
  A bullfrog (D:4)
  A centaur zombie (D:5)
  A hound (D:5)
  2 orc priests
  A hound zombie (D:5)
  A howler monkey skeleton (D:4)
  5 adders
  5 gnolls
  2 dart slugs
  A leopard gecko (D:4)
  11 orcs
  4 giant cockroaches
  6 hobgoblins
  6 jackals (D:1)
  5 quokkas
  5 ball pythons
  3 bats
  4 frilled lizards
  A giant cockroach zombie (D:5)
  6 goblins
  5 kobolds
  2 rats (D:2)
  3 plants (D:2)
82 creatures vanquished.

Vanquished Creatures (others)
  A plant (D:2)
1 creature vanquished.

Grand Total: 83 creatures vanquished

Notes
Turn   | Place    | Note
-------+----------+-------------------------------------------
     0 | D:1      | Corto the Gargoyle Earth Elementalist began the quest for
                  | the Orb.
     0 | D:1      | Reached XP level 1. HP: 10/10 MP: 3/3
   191 | D:1      | Reached skill level 4 in Earth Magic
   191 | D:1      | Reached XP level 2. HP: 15/15 MP: 1/5
   859 | D:1      | Reached XP level 3. HP: 11/19 MP: 2/6
  1965 | D:2      | Found an ancient bone altar of Kikubaaqudgha.
  1966 | D:2      | Found a blossoming altar of Fedhas.
  2742 | D:2      | Found a burning altar of Makhleb.
  2758 | D:2      | Reached XP level 4. HP: 15/24 MP: 8/8
  3431 | D:3      | Reached skill level 5 in Earth Magic
  3628 | D:3      | Found a white marble altar of Elyvilon.
  3801 | D:3      | You fall through a shaft for 3 floors!
  3844 | D:6      | Found a stormy altar of Qazlal.
  3865 | D:6      | Noticed a bullfrog
  3872 | D:5      | Entered Level 5 of the Dungeon
  3879 | D:5      | Reached XP level 5. HP: 12/28 MP: 10/10
  3890 | D:5      | Noticed an ice beast
  4166 | D:4      | Found a shadowy altar of Dithmenos.
  4215 | D:4      | Reached skill level 6 in Earth Magic
  4215 | D:4      | Reached XP level 6. HP: 20/32 MP: 12/12
  4226 | D:4      | Learned a level 3 spell: Stone Arrow
  4232 | D:4      | Learned a level 5 spell: Lee's Rapid Deconstruction
  4421 | D:4      | Found an ornate altar of the Wu Jian Council.
  5121 | D:4      | Found a sparkling altar of Nemelex Xobeh.
  5835 | D:5      | Killed an ice beast
  5835 | D:5      | Reached skill level 5 in Spellcasting
  5835 | D:5      | Reached skill level 7 in Earth Magic
  5835 | D:5      | Reached XP level 7. HP: 8/36 MP: 14/14
  5836 | D:5      | HP: 1/36 [shadow imp (2)]
  5837 | D:5      | Slain by a shadow imp

Skill      XL: |  1  2  3  4  5  6 |
---------------+-------------------+-----
Earth Magic    | 4 5 6 7 |  7.1
Spellcasting   | 3 4 5 |  5.0
Dodging        | |  1.5
Stealth        | |  2.1
Transmutations | |  0.7

Action                   |  1- 3 |  4- 6 |  7- 9 || total
-------------------------+-------+-------+-------++-------
Melee: Unarmed           |     8 |       |       ||     8
       Club              |     1 |       |       ||     1
       Whip              |   158 |    10 |       ||   168
       Spear             |     8 |       |       ||     8
       Dagger            |       |   175 |       ||   175
 Cast: Sandblast         |     9 |    16 |     3 ||    28
 Stab: Sleeping          |     1 |     2 |       ||     3
  Eat: Chunk             |     6 |    23 |       ||    29
Armor: Robe              |    52 |    42 |       ||    94
Dodge: Dodged            |   116 |    93 |       ||   209
